 Dungeon Crawl Stone Soup version 0.18.1-50-g88ac8fd (webtiles) character file.

163 GluteusMaximus the Skirmisher (level 5, -5/46 HPs)
             Began as a Draconian Fighter on Jan 6, 2017.
             Killed by divine providence
             ... invoked by an orc priest
              (13 damage)
             ... on level 3 of the Dungeon.
             The game lasted 00:10:34 (2319 turns).

GluteusMaximus the Skirmisher (Draconian Fighter)   Turns: 2319, Time: 00:10:35

Health: -5/46      AC:  6    Str: 18    XL:     5   Next: 20%
Magic:  5/5        EV: 11    Int:  9    God:
Gold:   181        SH:  9    Dex: 11    Spells: 0 memorised, 4 levels left

rFire  . . .     SeeInvis .     a - +0 trident
rCold  . . .     Gourm    .     (armour unavailable)
rNeg   . . .     Faith    .     b - +0 shield
rPois  .         Spirit   .     (helmet restricted)
rElec  .         Dismiss  .     (no cloak)
rCorr  .         Reflect  .     (no gloves)
SustAt .         Harm     .     i - +0 pair of boots
MR     .....                    (no amulet)
Stlth  +.........               (no ring)
                                (no ring)

@: not resistant to hostile enchantments, very unstealthy
A: unfitting armour, cold-blooded, AC +5
a: no special abilities


You were on level 3 of the Dungeon.
You were not hungry.

You visited 1 branch of the dungeon, and saw 4 of its levels.

You collected 181 gold pieces.

Inventory:

Hand Weapons
 a - a +0 trident (weapon)
 m - a +0 hunting sling
Missiles
 j - 100 stones (quivered)
Armour
 b - a +0 shield (worn)
 i - a +0 pair of boots (worn)
Wands
 d - a wand of flame (14/48)
 s - a wand of random effects (33/48)
Scrolls
 h - a scroll of remove curse
 n - a scroll of magic mapping
 r - a scroll of random uselessness
Potions
 e - a potion of flight {unknown}
 f - 3 potions of curing
 o - a potion of magic {unknown}
 t - a potion of degeneration {unknown}


   Skills:
 + Level 4.1 Fighting
 + Level 2.9 Polearms
 + Level 1.0(1.1) Slings
 + Level 0.1(0.6) Throwing
 + Level 3.6 Dodging
 + Level 0.6 Stealth
 + Level 3.6 Shields


You had 4 spell levels left.
You didn't know any spells.

Dungeon Overview and Level Annotations

Branches:
Dungeon (4/15)
 Temple: D:4-7

Altars:
Gozag
Xom


Innate Abilities, Weirdness & Mutations

Your plain brown scales are hard (AC +5).
Your body does not fit into most forms of armour.
You are cold-blooded and may be slowed by cold attacks.


Message History

The orc priest hits you but does no damage.
Unknown command.
Unknown command.
You closely miss the orc priest. You tail-slap the orc priest!
The orc priest is severely wounded.
The orc wizard hits you but does no damage.
The orc closely misses you.
The orc priest mumbles some strange prayers to Beogh against you.
Pain shoots through your body!
* * * LOW HITPOINT WARNING * * *
The orc wizard hits you but does no damage.
Unknown command.
The orc priest miscasts a cantrip.
The orc wizard gestures wildly while chanting.
The orc wizard flickers and vanishes!
Deactivating autopickup; reactivate with Ctrl-A.
You hear some strange, mumbled words.
The orc priest calls down the wrath of Beogh upon you.
Beogh smites you!
You die...

##...... #####......#.
## ## #........... ...#
####.##.###.....##.##.#
......)....#.......##.#
..............##.##.#
..###.##.##.#...)...##.#
.......o.o.[.....##.##.#
....(o(.o.o@..>#.##.##.#
...##.##..#.#.##.##.##.#
# #............##.#
##.#.#.#####<##.#
#.#.........##.#
###########.##.#
#........# #####.##.#
#.##.#


You could see an orc priest, an orc wizard and 3 orcs.

Vanquished Creatures
  An orc wizard (D:3)
  Terence (D:2)
  Ijyb (D:2)
  Robin (D:2)
  2 adders (D:2)
  2 orcs (D:3)
  A ball python (D:2)
  3 giant cockroaches
  11 goblins
  5 hobgoblins
  4 jackals (D:2)
  6 bats
  3 giant newts
  8 kobolds
  3 rats
52 creatures vanquished.

Notes
Turn   | Place    | Note
--------------------------------------------------------------
     0 | D:1      | GluteusMaximus the Draconian Fighter began the quest for the Orb.
     0 | D:1      | Reached XP level 1. HP: 19/19 MP: 1/1
   218 | D:1      | Reached XP level 2. HP: 10/26 MP: 2/2
  1145 | D:2      | Reached XP level 3. HP: 33/33 MP: 3/3
  1464 | D:2      | Found an opulent altar of Gozag.
  1546 | D:2      | Found a shimmering altar of Xom.
  1623 | D:2      | Found a faded altar to an unknown god.
  1629 | D:2      | Noticed Robin
  1642 | D:2      | Killed Robin
  1648 | D:2      | Reached XP level 4. HP: 32/40 MP: 4/4
  1651 | D:2      | Reached skill level 1 in Slings
  1723 | D:2      | Noticed Terence
  1831 | D:2      | Killed Terence
  1832 | D:2      | Reached skill level 4 in Fighting
  2117 | D:2      | Noticed Ijyb
  2130 | D:2      | Killed Ijyb
  2279 | D:3      | Reached XP level 5. HP: 44/46 MP: 5/5
  2319 | D:3      | Killed from afar by an orc priest

Skill      XL: |  1  2  3  4 |
---------------+-------------+-----
Dodging        | 3 |  3.6
Slings         | 1 |  1.0
Fighting       | 4 |  4.1
Polearms       | |  2.9
Throwing       | |  0.1
Stealth        | |  0.6
Shields        | |  3.6

Action                   |  1- 3 |  4- 6 || total
-------------------------+-------+-------++-------
Melee: Trident           |   104 |    71 ||   175
       Tailslap          |     8 |     7 ||    15
 Fire: Hunting sling     |    21 |     3 ||    24
Throw: Stone             |     3 |       ||     3
  Use: Scroll            |       |     6 ||     6
       Potion            |       |     1 ||     1
 Stab: Sleeping          |     2 |       ||     2
  Eat: Beef jerky        |     1 |       ||     1
       Chunk             |     1 |       ||     1
       Bread ration      |       |     1 ||     1
Armor: Skin              |    23 |    21 ||    44
Dodge: Dodged            |    46 |    31 ||    77
Block: Shield            |    52 |    26 ||    78
